Construct Section Command Post
Construct Platoon Command Post
Unlock M3 Stuart Light Tanks
Selects Indian Artillery Battlegroup
Selects Towed ML 4.2-inch Heavy Mortar
Towed ML 4.2-inch Heavy Mortar
Selects Gurkha Rifles Section
Selects Off-map Airburst Barrage
Selects BL5.5 Artillery Emplacement
6-pounder Anti-tank Gun Team
Construct Company Command Post
Selects Volunteer Infantry
Towed ML 4.2-inch Heavy Mortar
Unlock M3 Grant Medium Tanks